[Event "Live Chess"]
[Site "Chess.com"]
[Date "2023.09.16"]
[Round "-"]
[White "Dfran2015"]
[Black "nicolasgouvea"]
[Result "1-0"]
[WhiteElo "560"]
[BlackElo "334"]
[TimeControl "900+5"]
[EndTime "6:23:33 PDT"]
[Termination "Dfran2015 venceu por xeque-mate"]

1. e4 e5 2. Nf3 Nc6 3. Bc4 Bc5 4. O-O Nf6 5. d3 d6 6. Ng5 Bg4 7. Qe1 h6 8. Nxf7 O-O 9. Nxd8+ Rf7 10. Bxf7+ Kf8 11.
Nxc6 Kxf7 12. Na5 Nd7 13. Nxb7 Rb8 14. Nxc5 Nxc5 15. Qc3 Kf6 16. Qc4 d5 17. Qxc5 dxe4 18. dxe4 Bd7 19. Qxc7 Rb4 20. Qxd7 Kg6 21. Qe6+ Kh7 22.
Qf5+ Kg8 23. Qxe5 a6 24. Qd5+ Kf8 25. Qd6+ Ke8 26. Qxb4 Kd8 27. Qb6+ Ke8 28. Qxa6 Kf8 29. Bxh6 gxh6 30. Qxh6+ Ke8 31. e5 Kd8 32. e6 Ke8 33. Qg6+ Ke7 34. Qf7+ Kd6 35. Rd1+ Ke5 36. e7 Ke4 37.
e8=Q# 1-0

[Event "Live Chess"]
[Site "Chess.com"]
[Date "2023.09.16"]
[Round "-"]
[White "RenatoMizuki"]
[Black "DaviLucasMoraisLima"]
[Result "1-0"]
[WhiteElo "1165"]
[BlackElo "1195"]
[TimeControl "900+5"]
[EndTime "6:26:27 PDT"]
[Termination "RenatoMizuki venceu por xeque-mate"]

1. e4 e5 2. Nf3 d6 3. Bc4 Bg4 4. h3 Bh5 5. c3 Be7 6. d3 Nf6 7. b4 O-O 8. a4 Nc6 9. b5 Na5 10. Ba2 c6 11. bxc6 Nxc6 12. Bg5 d5 13. Bxf6 Bxf6 14. Bxd5 Na5 15. O-O Bh4 16. Nbd2 Qc7 17.
c4 Nc6 18. Bxc6 Qxc6 19. Qb3 Bxf3 20. Nxf3 Bf6 21. Rab1 b6 22. Rfc1 Rfd8 23. Kf1 Qd6 24. Ke2 Rd7 25. Rd1 Qc6 26. Qb5 Qxb5 27. cxb5 Rc8 28.
Rbc1 Rcd8 29. g4 Be7 30. Nxe5 Rb7 31. Nc6 Rdd7 32. Nxe7+ Rxe7 33. Rc8+ Re8 34. Rxe8# 1-0

[Event "Live Chess"]
[Site "Chess.com"]
[Date "2023.09.16"]
[Round "-"]
[White "GigiAlmeidaXadrez"]
[Black "Enzoellobo"]
[Result "1-0"]
[WhiteElo "1093"]
[BlackElo "180"]
[TimeControl "900+5"]
[EndTime "6:29:56 PDT"]
[Termination "GigiAlmeidaXadrez venceu por xeque-mate"]

1. e4 d5 2. exd5 e5 3. dxe6 fxe6 4. Nf3 g5 5. Bc4 Bb4 6. a3 Bc5 7. d3 Qe7 8. Bxg5 Qf7 9. O-O Nf6 10. Nc3 Kf8 11. d4 h5 12. dxc5 b6 13. cxb6 axb6 14. Qd8+ Ne8 15. Qd3 Rg8 16. Bh4 Rg6 17. Ne5 Qe7 18.
Nxg6+ Kf7 19. Nxe7 Kf8 20. Nxc8 e5 21. Qf5+ Kg7 22.
Qf7+ Kh6 23. Qxe8 Nc6 24. Qxc6+ Kg7 25. Qxa8 c5 26. Qb7+ Kg6 27. Qf7+ Kh6 28. Qf6+ Kh7 29. Bd3+ Kg8 30. Ne7# 1-0

[Event "Live Chess"]
[Site "Chess.com"]
[Date "2023.09.16"]
[Round "-"]
[White "nicolasgouvea"]
[Black "DaviLucasMoraisLima"]
[Result "0-1"]
[WhiteElo "334"]
[BlackElo "1195"]
[TimeControl "900+5"]
[EndTime "6:31:01 PDT"]
[Termination "DaviLucasMoraisLima venceu por xeque-mate"]

1. e4 e5 2. Nf3 d6 3. Bc4 Bg4 4. d3 Nc6 5. O-O Nd4 6. Nbd2 Qf6 7. c3 Nxf3+ 8. Nxf3 Bxf3 9. Qxf3 Qxf3 10. gxf3 Nf6 11. Bg5 Nh5 12. d4 f6 13. Bh4 g5 14. Bg3 Nxg3 15. fxg3 h5 16. dxe5 dxe5 17. g4 hxg4 18.
fxg4 Rh4 19. Be2 Bc5+ 20. Kh1 O-O-O 21. b4 Bb6 22. Rad1 Rdh8 23. Rxf6 Rxh2# 0-1

[Event "Live Chess"]
[Site "Chess.com"]
[Date "2023.09.16"]
[Round "-"]
[White "DaviLucasMoraisLima"]
[Black "Enzoellobo"]
[Result "1-0"]
[WhiteElo "1195"]
[BlackElo "180"]
[TimeControl "900+5"]
[EndTime "6:34:29 PDT"]
[Termination "DaviLucasMoraisLima venceu por xeque-mate"]

1. e4 d5 2. e5 e6 3. d4 Bb4+ 4. c3 Be7 5. Qg4 f5 6. Qxg7 Bf8 7. Qxh8 Qg5 8. Bxg5 Nc6 9. Qxg8 Bd7 10. Qxh7 Nd8 11. Qg8 b5 12. Bh6 Ke7 13. Qxf8# 1-0

[Event "Live Chess"]
[Site "Chess.com"]
[Date "2023.09.16"]
[Round "-"]
[White "Dfran2015"]
[Black "Timsoso"]
[Result "1-0"]
[WhiteElo "576"]
[BlackElo "222"]
[TimeControl "900+5"]
[EndTime "6:35:08 PDT"]
[Termination "Dfran2015 venceu por xeque-mate"]

1. e4 e5 2. Nf3 Nc6 3. Bc4 d6 4. d4 Bg4 5. dxe5 Bxf3 6. Qxf3 Nxe5 7. Qe2 d5 8. Bxd5 Nd7 9. Bxb7 Qf6 10. Bxa8 Nc5 11.
O-O Qd8 12. Bc6+ Nd7 13. Rd1 Bb4 14. Qd3 Ba5 15. Qxd7+ Qxd7 16. Bxd7+ Kf8 17. Be3 Ke7 18.
Bc5+ Kf6 19. b3 Bb6 20. Bxb6 axb6 21. Nc3 Ne7 22. Nb5 c6 23. Nd4 c5 24. Nb5 Ng6 25.
Rd6+ Ke7 26. Rad1 Kd8 27. Bf5+ Ke7 28. Bxg6 fxg6 29. Rd7+ Ke8 30. Nc7+ Kf8 31. Rd8+ Kf7 32. R1d7+ Kf6 33. Rxh8 Ke5 34. Re7+ Kd4 35. e5 Kc3 36. e6 h5 37. Rd7 Kxc2 38. e7 g5 39. e8=Q h4 40.
Qe2+ Kb1 41. Qd1+ Kxa2 42. Qc2+ Ka3 43. Nb5+ Kb4 44. Qc4+ Ka5 45. Ra7# 1-0

[Event "Live Chess"]
[Site "Chess.com"]
[Date "2023.09.16"]
[Round "-"]
[White "DaviLucasMoraisLima"]
[Black "AnaClaraCV"]
[Result "1-0"]
[WhiteElo "1196"]
[BlackElo "706"]
[TimeControl "900+5"]
[EndTime "6:37:20 PDT"]
[Termination "DaviLucasMoraisLima venceu por xeque-mate"]

1. e4 c5 2. Bc4 b5 3. Bd5 d6 4. Bxa8 Ba6 5. Bd5 Nc6 6. Bxc6+ Qd7 7. Bxd7+ Kxd7 8. Qg4+ Ke8 9. a4 bxa4 10. Rxa4 c4 11. Rxa6 Nf6 12. Qc8# 1-0

[Event "Live Chess"]
[Site "Chess.com"]
[Date "2023.09.16"]
[Round "-"]
[White "GigiAlmeidaXadrez"]
[Black "RenatoMizuki"]
[Result "1/2-1/2"]
[WhiteElo "1095"]
[BlackElo "1163"]
[TimeControl "900+5"]
[EndTime "6:37:31 PDT"]
[Termination "Empate por repetição"]

1. e4 e5 2. Nf3 Nc6 3. Bc4 Bc5 4. O-O a6 5. d3 b5 6. Bd5 Bb7 7. Ng5 Nh6 8. Nf3 Ng8 9. Ng5 Nh6 10. Nf3 Qf6 11. Bg5 Qg6 12. a3 O-O 13. Nc3 Rab8 14.
Qd2 Ng4 15. Nh4 Qd6 16. Nf5 Qg6 17. Nh4 Qd6 18. Nf5 Qg6 19. Nh4 1/2-1/2

[Event "Live Chess"]
[Site "Chess.com"]
[Date "2023.09.16"]
[Round "-"]
[White "kadabraxadrez"]
[Black "Dfran2015"]
[Result "1-0"]
[WhiteElo "917"]
[BlackElo "561"]
[TimeControl "900+5"]
[EndTime "6:42:11 PDT"]
[Termination "kadabraxadrez venceu por xeque-mate"]

1. e4 e5 2. Nf3 Nc6 3. Bc4 Nf6 4. d3 d5 5. exd5 Nxd5 6. Bxd5 Qxd5 7. Nc3 Qc5 8. O-O e4 9. Nxe4 Qf5 10. Re1 Qe6 11. Nc5 Qxe1+ 12. Qxe1+ Be6 13. Nxe6 fxe6 14. Qxe6+ Ne7 15.
d4 g6 16. Bf4 Kd8 17. Ne5 Nf5 18. Qd7# 1-0

[Event "Live Chess"]
[Site "Chess.com"]
[Date "2023.09.16"]
[Round "-"]
[White "GigiAlmeidaXadrez"]
[Black "DaviLucasMoraisLima"]
[Result "0-1"]
[WhiteElo "1088"]
[BlackElo "1209"]
[TimeControl "900+5"]
[EndTime "6:44:46 PDT"]
[Termination "DaviLucasMoraisLima venceu por xeque-mate"]

1. e4 e5 2. Nf3 d6 3. Bc4 Bg4 4. h3 Bh5 5. O-O Nc6 6. Nc3 Nd4 7. d3 Nxf3+ 8. Kh1 Qh4 9. gxf3 Qxh3+ 10. Kg1 Bxf3 11. Qxf3 Qxf3 12. Re1 h5 13. Kf1 h4 14. Re3 Qh1+ 15. Ke2 h3 16. b3 h2 17. Bb2 Qg2 18. Rg3 Qxg3 19. fxg3 h1=Q 20. Rxh1 Rxh1 21. Nb5 O-O-O 22.
Nxa7+ Kb8 23. Nb5 Rh2+ 24. Kd1 Be7 25. Bxf7 Nf6 26. Bc3 Rf8 27. Be6 Nxe4 28. Bd5 Nxc3+ 29. Nxc3 Rf1# 0-1

[Event "Live Chess"]
[Site "Chess.com"]
[Date "2023.09.16"]
[Round "-"]
[White "nicolasgouvea"]
[Black "Enzoellobo"]
[Result "1-0"]
[WhiteElo "339"]
[BlackElo "174"]
[TimeControl "900+5"]
[EndTime "6:46:57 PDT"]
[Termination "nicolasgouvea venceu por xeque-mate"]

1. e4 e5 2. Nf3 d5 3. exd5 Bf5 4. Bb5+ Nd7 5. Bxd7+ Kxd7 6. Nxe5+ Kc8 7. Nxf7 Qe8+ 8.
Qe2 Qxf7 9. d4 a5 10. Bg5 Ra6 11. O-O Rd6 12. Nc3 Rg6 13. Bf4 Qf6 14. Qe6+ Bxe6 15. dxe6 Qxe6 16. Rfe1 Qf6 17. Re8+ Kd7 18. Rb8 Rg4 19.
Rxb7 Bb4 20. Nd5 Qxf4 21. Nxf4 Rxf4 22. Rb8 Re4 23. c3 Be7 24. f3 Rf4 25. Re1 c6 26. Rb7+ Kc8 27. Ra7 Bh4 28. Re8+ Bd8 29. Rxg7 Kb8 30.
Rgxg8 Rxg8 31. Rxg8 a4 32. Rxd8+ Kc7 33. Rh8 h5 34.
Rxh5 c5 35. dxc5 Rc4 36. a3 Kc6 37. g3 Rxc5 38. Rxc5+ Kxc5 39. h4 Kc4 40. h5 Kb3 41. Kf1 Kxb2 42. Ke1 Kxc3 43. Kd1 Kb3 44. Kc1 Kxa3 45.
Kb1 Kb3 46. h6 a3 47. Ka1 a2 48. h7 Kc3 49. h8=Q+ Kd3 50. Qh3 Kc2 51. Qg4 Kd1 52. f4+ Kc2 53. f5 Kc1 54. f6 Kc2 55. Qc4+ Kd2 56. f7 Kd1 57. f8=Q Ke1 58. Qff1+ Kd2 59. Qfc1# 1-0

[Event "Live Chess"]
[Site "Chess.com"]
[Date "2023.09.16"]
[Round "-"]
[White "Enzoellobo"]
[Black "GigiAlmeidaXadrez"]
[Result "0-1"]
[WhiteElo "174"]
[BlackElo "1088"]
[TimeControl "900+5"]
[EndTime "6:49:50 PDT"]
[Termination "GigiAlmeidaXadrez venceu por xeque-mate"]

1. e4 c5 2. d4 cxd4 3. Bc4 Nc6 4. Qh5 e6 5. Bg5 Qa5+ 6. Kf1 g6 7. Qg4 Ne5 8. Qf5 exf5 9. Ne2 Nxc4 10. Kg1 Qe1# 0-1

[Event "Live Chess"]
[Site "Chess.com"]
[Date "2023.09.16"]
[Round "-"]
[White "RenatoMizuki"]
[Black "kadabraxadrez"]
[Result "1-0"]
[WhiteElo "1159"]
[BlackElo "905"]
[TimeControl "900+5"]
[EndTime "6:52:32 PDT"]
[Termination "RenatoMizuki venceu por desistência"]

1. e4 e5 2. Nf3 Nc6 3. Bc4 Bc5 4.
d3 Nf6 5. Bg5 d6 6. h3 h6 7. Bh4 a6 8. a3 b5 9. Bb3 Bd4 10. c3 Bc5 11. Ba2 a5 12. O-O b4 13.
Qa4 Bb7 14. Bd5 Ra6 15. d4 Ba7 16. dxe5 dxe5 17. Nxe5 O-O 18. Nxc6 Bxc6 19. Bxc6 1-0

[Event "Live Chess"]
[Site "Chess.com"]
[Date "2023.09.16"]
[Round "-"]
[White "DaviLucasMoraisLima"]
[Black "Dfran2015"]
[Result "1-0"]
[WhiteElo "1210"]
[BlackElo "558"]
[TimeControl "900+5"]
[EndTime "6:53:42 PDT"]
[Termination "DaviLucasMoraisLima venceu por xeque-mate"]

1. e4 e5 2. Nf3 c6 3. d3 d6 4. Ng5 f6 5. Nf3 d5 6. exd5 cxd5 7. Nh4 Nc6 8. Qh5+ g6 9. Nxg6 f5 10. Nxh8+ Ke7 11. Bg5+ Nf6 12. Qf7+ Kd6 13. Bxf6 Be6 14. Bxd8 Bxf7 15. Nxf7+ Kd7 16. Bh4 Bb4+ 17. c3 Bf8 18. c4 dxc4 19. dxc4 Nd4 20. Kd1 Bh6 21. Nxh6 Rc8 22.
Nc3 Rxc4 23. Bxc4 Kc6 24. Bb5+ Kc5 25. Be7+ Kb6 26. a4 Nxb5 27. Nxb5 a6 28. Nc3 a5 29. Kc2 Kc6 30. Rad1 Kc7 31. Nb5+ Kc6 32. Rd6+ Kc5 33. Rd8+ Kb6 34. Rhd1 Ka6 35. R1d6+ b6 36. Nc7+ Kb7 37. R8d7 Kc8 38. Ne6 Kb8 39. Rxb6+ Kc8 40.
Rd8# 1-0

[Event "Live Chess"]
[Site "Chess.com"]
[Date "2023.09.16"]
[Round "-"]
[White "Timsoso"]
[Black "DaviLucasMoraisLima"]
[Result "0-1"]
[WhiteElo "257"]
[BlackElo "1210"]
[TimeControl "900+5"]
[EndTime "6:58:07 PDT"]
[Termination "DaviLucasMoraisLima venceu por xeque-mate"]

1. e4 e5 2. Nf3 d6 3. Bc4 Bg4 4.
d4 exd4 5. g3 Qf6 6. h3 Bxf3 7.
Be2 Bxh1 8. Bc4 Qe5 9. Kf1 Qxe4 10. Kg1 Qg2# 0-1

[Event "Live Chess"]
[Site "Chess.com"]
[Date "2023.09.16"]
[Round "-"]
[White "Enzoellobo"]
[Black "RenatoMizuki"]
[Result "0-1"]
[WhiteElo "174"]
[BlackElo "1159"]
[TimeControl "900+5"]
[EndTime "7:00:38 PDT"]
[Termination "RenatoMizuki venceu por xeque-mate"]

1. e4 e5 2. d4 exd4 3. Bc4 Nc6 4. Qh5 Qe7 5. Nf3 Qxe4+ 6. Kf1 d5 7. Bd3 Qe6 8. Bg5 g6 9. Qh4 Be7 10. Qf4 Bd6 11. Qd2 f6 12. Bh4 Bd7 13. Na3 O-O-O 14. Re1 Qf7 15. Nb5 Bc5 16. g4 Bxg4 17. Nfxd4 Nxd4 18. Qd1 Bxd1 19. Rxd1 Nxb5 20. Rg1 Nd4 21. Rg4 Nf3 22. Rd2 Nxd2+ 23. Ke1 Nf3+ 24. Ke2 Nxh4 25.
Rxh4 Qe6+ 26. Kd2 Re8 27. a4 Qe1# 0-1

[Event "Live Chess"]
[Site "Chess.com"]
[Date "2023.09.16"]
[Round "-"]
[White "Timsoso"]
[Black "Dfran2015"]
[Result "0-1"]
[WhiteElo "251"]
[BlackElo "574"]
[TimeControl "900+5"]
[EndTime "7:06:30 PDT"]
[Termination "Dfran2015 venceu por xeque-mate"]

1. e4 e5 2. Nf3 Nc6 3. Bc4 d6 4. O-O Be6 5. Bb3 Bxb3 6. axb3 Nd4 7. Qe2 Nxe2+ 8. Kh1 Nxc1 9. Rxc1 Qf6 10. Rf1 Qf4 11.
g3 Qxf3+ 12. Kg1 Qxe4 13. f3 Qxc2 14. Re1 Qxb2 15. Ra4 Qxb3 16. Nc3 Qb6+ 17. Re3 Qb2 18. Ra2 Qc1+ 19. Kf2 O-O-O 20. Re1 Qxe1+ 21. Kxe1 Nf6 22.
f4 Ng4 23. fxe5 dxe5 24. h4 Rd3 25. Ke2 Rxg3 26. h5 Bb4 27. Ne4 Rg2+ 28. Kf3 Rxd2 29. Rxa7 Rf2+ 30. Kxg4 Re2 31. Kg5 Rxe4 32. h6 Bd2+ 33.
Kh5 g6# 0-1

[Event "Live Chess"]
[Site "Chess.com"]
[Date "2023.09.16"]
[Round "-"]
[White "RenatoMizuki"]
[Black "DaviLucasMoraisLima"]
[Result "0-1"]
[WhiteElo "1152"]
[BlackElo "1217"]
[TimeControl "900+5"]
[EndTime "7:07:05 PDT"]
[Termination "DaviLucasMoraisLima venceu por xeque-mate"]

1. e4 e5 2. Nf3 d6 3. Bc4 Bg4 4. h3 Bh5 5. Nc3 Nc6 6. d3 Nd4 7.
g4 Bg6 8. Nxd4 exd4 9. Qf3 dxc3 10. bxc3 Be7 11. Bb2 Nf6 12. g5 Nd7 13. h4 Ne5 14. Qf4 Nxc4 15. dxc4 O-O 16. Qg4 Re8 17. h5 Bxe4 18.
Rh3 Bxg5 19. Kd1 Qe7 20. h6 Bf3+ 21. Qxf3 Qe1# 0-1

[Event "Live Chess"]
[Site "Chess.com"]
[Date "2023.09.16"]
[Round "-"]
[White "GigiAlmeidaXadrez"]
[Black "kadabraxadrez"]
[Result "0-1"]
[WhiteElo "1074"]
[BlackElo "947"]
[TimeControl "900+5"]
[EndTime "7:08:08 PDT"]
[Termination "kadabraxadrez venceu por xeque-mate"]

1. e4 e5 2. Nf3 Nc6 3. Bc4 Bc5 4.
O-O Nf6 5. Ng5 O-O 6. Nc3 h6 7. Nf3 d6 8. h3 Nd4 9. Nxd4 Bxd4 10. Nb5 Bb6 11. Nc3 c6 12. d3 Be6 13. Bxe6 fxe6 14. Qf3 d5 15. Rd1 a5 16. Qg3 Nxe4 17. dxe4 Bxf2+ 18. Qxf2 Rxf2 19. Kxf2 Qb6+ 20. Ke2 Rf8 21. Bd2 d4 22. Na4 Qb5+ 23. c4 Qxc4+ 24. Ke1 Qf1# 0-1

[Event "Live Chess"]
[Site "Chess.com"]
[Date "2023.09.16"]
[Round "-"]
[White "Theo_Sossai"]
[Black "Enzoellobo"]
[Result "1-0"]
[WhiteElo "600"]
[BlackElo "172"]
[TimeControl "900+5"]
[EndTime "7:11:05 PDT"]
[Termination "Theo_Sossai venceu por xeque-mate"]

1. e4 e5 2. Bc4 d5 3. Bb3 Bb4 4. exd5 Qg5 5. Nf3 Qxg2 6. Nh4 Qxh1+ 7. Ke2 Bg4+ 8. f3 Qxh2+ 9. Ke1 Nf6 10. Qe2 Qh1+ 11.
Kf2 Bc5+ 12. Kg3 O-O 13. Qg2 Qxc1 14. fxg4 Ne4+ 15. Kf3 Ng5+ 16. Ke2 Nc6 17. dxc6 Rad8 18. Nf3 e4 19. Nxg5 Rxd2+ 20. Nxd2 Qxa1 21. Ngxe4 b5 22. Nxc5 Re8+ 23. Kf2 Re1 24. Qd5 Rh1 25.
Qd8# 1-0

[Event "Live Chess"]
[Site "Chess.com"]
[Date "2023.09.16"]
[Round "-"]
[White "Theo_Sossai"]
[Black "RenatoMizuki"]
[Result "0-1"]
[WhiteElo "588"]
[BlackElo "1153"]
[TimeControl "900+5"]
[EndTime "7:18:10 PDT"]
[Termination "RenatoMizuki venceu por xeque-mate"]

1. e4 e5 2. Bc4 Nc6 3. Bb3 Bc5 4. Qe2 Nf6 5. Qc4 Qe7 6. Ne2 a6 7. O-O b5 8. Qc3 Bb4 9. Qd3 Bc5 10. a4 Nb4 11. Qc3 Nxe4 12. Qf3 Bxf2+ 13. Rxf2 Nxf2 14. Qxf2 bxa4 15. Bxa4 O-O 16. c3 Nd3 17. Qf3 e4 18. Qg4 d6 19. Qh4 Qxh4 20. Bc6 Qe1# 0-1

[Event "Live Chess"]
[Site "Chess.com"]
[Date "2023.09.16"]
[Round "-"]
[White "kadabraxadrez"]
[Black "Timsoso"]
[Result "1-0"]
[WhiteElo "948"]
[BlackElo "250"]
[TimeControl "900+5"]
[EndTime "7:20:22 PDT"]
[Termination "kadabraxadrez venceu por xeque-mate"]

1. e4 e5 2. Nf3 Nc6 3. Bc4 Bb4 4.
Nc3 Bd6 5. O-O Nf6 6. d3 Nb4 7. a3 Nc6 8. d4 Nxd4 9. Nxd4 exd4 10. Qxd4 c5 11. Qd3 O-O 12. Qxd6 Ne8 13. Qg3 Qf6 14. e5 Qb6 15. e6 dxe6 16. b4 cxb4 17. axb4 Qxb4 18.
Ba3 Qxc4 19. Bxf8 Kxf8 20. Qd3 Qc7 21. Ne4 Nd6 22. Nxd6 Qb8 23. Nxc8 Qxc8 24. Qa3+ Kg8 25. Qd3 h6 26. c4 Qe8 27. Qc2 Rd8 28. Rfd1 a6 29.
Rxd8 Qxd8 30. Rd1 Qh4 31. g3 Qe7 32. c5 b5 33. c6 Qa3 34. c7 b4 35. c8=Q# 1-0

[Event "Live Chess"]
[Site "Chess.com"]
[Date "2023.09.16"]
[Round "-"]
[White "GigiAlmeidaXadrez"]
[Black "Enzoellobo"]
[Result "1-0"]
[WhiteElo "1074"]
[BlackElo "172"]
[TimeControl "900+5"]
[EndTime "7:20:23 PDT"]
[Termination "GigiAlmeidaXadrez venceu por xeque-mate"]

1. e4 e5 2. Nf3 d5 3. exd5 Nf6 4.
Nxe5 Bd6 5. Nf3 O-O 6. Nc3 Re8+ 7.
Be2 Qe7 8. O-O Bf4 9. h3 Nh5 10.
Re1 Bxh3 11. gxh3 Rd8 12. Bc4 Rd6 13. Rxe7 Kf8 14. Qe1 Rd8 15. Nb5 Nd7 16. d3 a5 17. Bxf4 Ra6 18. Nxc7 Re6 19. Nxe6+ Kxe7 20. Nxd8+ Kxd8 21. Qe2 Nxf4 22. Qe4 Nxh3+ 23. Kg2 Nxf2 24. Kxf2 h5 25. Re1 g5 26. Nxg5 Nc5 27. Nxf7+ Kd7 28. Qe7+ Kc8 29. Qd8# 1-0

[Event "Live Chess"]
[Site "Chess.com"]
[Date "2023.09.16"]
[Round "-"]
[White "Dfran2015"]
[Black "DaviLucasMoraisLima"]
[Result "0-1"]
[WhiteElo "572"]
[BlackElo "1218"]
[TimeControl "900+5"]
[EndTime "7:27:25 PDT"]
[Termination "DaviLucasMoraisLima venceu por xeque-mate"]

1. e4 e5 2. Nf3 d6 3. Bc4 Bg4 4. d3 Nc6 5. Bg5 f6 6. Be3 Nd4 7. Bxd4 exd4 8. h3 Bxf3 9. Qxf3 Qe7 10. O-O O-O-O 11. c3 dxc3 12. Nxc3 Qe5 13. Qf5+ Qxf5 14. exf5 Ne7 15. Be6+ Kb8 16. Rae1 g6 17. fxg6 Nxg6 18. Bf5 Nh4 19. Bg4 f5 20. Bh5 Rg8 21. Bf7 Rg7 22.
Bd5 c6 23. Bc4 Nf3+ 24. Kh1 Nxe1 25. Rxe1 d5 26. Bb3 Bc5 27. Bc2 Rdg8 28. d4 Bxd4 29. Bxf5 Bxf2 30. Re2 Rg6 31. Bxg6 Bg3 32. Bxh7 Rf8 33.
Kg1 Rf7 34. Re8+ Kc7 35. Bg6 Rf6 36. Bd3 Bf2+ 37. Kh2 Bc5 38. Kg3 Bd6+ 39. Kg4 Rf4+ 40. Kg5 Rf2 41. g4 Bf4+ 42. Kf5 Bd2+ 43. Ke5 Bf4+ 44.
Ke6 Rf3 45. Re7+ Kb6 46. Bf5 Re3+ 47. Kf6 Bg5+ 48. Kf7 Rxe7+ 49. Kg6 Bc1 50. Na4+ Kc7 51.
h4 b5 52. Nc5 Bxb2 53. h5 Rg7+ 54. Kh6 Rg8 55. Bh7 Rh8 56. Nd3 Bd4 57. g5 Re8 58. g6 Re7 59. Nf4 Be3 60. g7 Bxf4+ 61. Kg6 Rxg7+ 62. Kxg7 c5 63. Kf6 d4 64. Kf5 Bd2 65. Ke4 c4 66. Bg8 c3 67. Kxd4 c2 68. Kd3 c1=Q 69. Ke2 Qe1+ 70. Kd3 Qe3+ 71. Kc2 Qh6 72.
Bf7 Kd7 73. Bg6 Kc6 74. Kb3 Qe3+ 75. Kc2 Qc3+ 76. Kd1 Qc1+ 77. Ke2 Qe1+ 78. Kd3 Qe3+ 79. Kc2 a5 80. Kd1 b4 81. h6 Qxh6 82. Be8+ Kc5 83. Ba4 Qe6 84. Bb3 Qe1+ 85. Kc2 Kd4 86. Kb2 Qc1# 0-1

[Event "Live Chess"]
[Site "Chess.com"]
[Date "2023.09.16"]
[Round "-"]
[White "Enzoellobo"]
[Black "DaviLucasMoraisLima"]
[Result "0-1"]
[WhiteElo "172"]
[BlackElo "1218"]
[TimeControl "900+5"]
[EndTime "7:30:32 PDT"]
[Termination "DaviLucasMoraisLima venceu por xeque-mate"]

1. e4 e5 2. d4 exd4 3. Bc4 Nc6 4. Qh5 g6 5. Qh4 Qxh4 6. Nh3 Qxe4+ 7. Be3 dxe3 8.
fxe3 Qxc4 9. b3 Qxc2 10. Nf2 Nb4 11. O-O Qb2 12. Nc3 Qxc3 13. Nd1 Qc2 14. e4 b6 15. g4 Bb7 16. h4 Bxe4 17. g5 Qg2# 0-1

[Event "Live Chess"]
[Site "Chess.com"]
[Date "2023.09.16"]
[Round "-"]
[White "Timsoso"]
[Black "GigiAlmeidaXadrez"]
[Result "0-1"]
[WhiteElo "274"]
[BlackElo "1074"]
[TimeControl "900+5"]
[EndTime "7:30:40 PDT"]
[Termination "GigiAlmeidaXadrez venceu por xeque-mate"]

1. e4 c5 2. d4 cxd4 3. Nf3 Nc6 4. Nxd4 Nxd4 5. Qxd4 d6 6. Qe3 Nf6 7. Bd2 g6 8. Nc3 Bg7 9. O-O-O O-O 10. e5 dxe5 11. Re1 Ng4 12. Qe4 Bf5 13. Qd5 Qc7 14. Re4 Bxe4 15.
Qxe4 Nf6 16. Bf4 Nxe4 17. Nxe4 Rac8 18. Bd3 Rfd8 19. Bg5 Rxd3 20. Kb1 Qxc2+ 21. Ka1 Rd1+ 22. Bc1 Qxc1# 0-1

[Event "Live Chess"]
[Site "Chess.com"]
[Date "2023.09.16"]
[Round "-"]
[White "DaviLucasMoraisLima"]
[Black "Timsoso"]
[Result "1-0"]
[WhiteElo "1218"]
[BlackElo "274"]
[TimeControl "900+5"]
[EndTime "7:34:40 PDT"]
[Termination "DaviLucasMoraisLima venceu por xeque-mate"]

1. e4 e5 2. Bc4 Nf6 3. Nc3 Bc5 4. Nf3 d6 5. Ng5 d5 6. Nxd5 Qd6 7. Nxf6+ Qxf6 8. Nf3 Bxf2+ 9. Kxf2 O-O 10. d3 Qe7 11. Bg5 Qe8 12. Nd2 Kh8 13. Qh5 g6 14. Qh6 Rg8 15.
Bf6+ Rg7 16. Qxg7# 1-0

[Event "Live Chess"]
[Site "Chess.com"]
[Date "2023.09.16"]
[Round "-"]
[White "kadabraxadrez"]
[Black "RenatoMizuki"]
[Result "1-0"]
[WhiteElo "989"]
[BlackElo "1141"]
[TimeControl "900+5"]
[EndTime "7:37:58 PDT"]
[Termination "kadabraxadrez venceu por xeque-mate"]

1. e4 e5 2. Nf3 Nc6 3. Bc4 Bc5 4. O-O Nf6 5. d3 O-O 6. Nc3 a6 7. a3 b5 8. b4 bxc4 9. bxc5 cxd3 10. Qxd3 Bb7 11.
Nd5 Nxd5 12. exd5 Na7 13. Nxe5 Re8 14. Qd4 Nb5 15. Qb2 Bxd5 16. Rd1 Bc6 17. Bf4 f6 18. Nxc6 dxc6 19. Rxd8 Rexd8 20. f3 Rd5 21. c4 Rxc5 22. cxb5 Rxb5 23. Qa2+ Kh8 24. Qe2 Rb7 25. Re1 h6 26.
Rc1 c5 27. Qe4 Rbb8 28. Bxc7 Re8 29. Qc6 c4 30. Qxc4 h5 31. g4 hxg4 32. fxg4 Rec8 33. Qf1 Ra7 34. Bb6 Rxc1 35. Qxc1 Rf7 36. h4 Kh7 37.
Qc2+ g6 38. h5 Rg7 39. hxg6+ Rxg6 40. Kf2 Kg7 41. Kf3 f5 42. Bd4+ Kh6 43. Qxf5 Rg5 44. Be3 Kg7 45. Qxg5+ Kf7 46. Kf4 Ke6 47. Qe5+ Kd7 48.
Kf5 Kc6 49. Ke6 Kb7 50. Qd5+ Kc7 51. Bf4+ Kb6 52. Kd7 a5 53. Be3+ Ka6 54. Qc6# 1-0

[Event "Live Chess"]
[Site "Chess.com"]
[Date "2023.09.16"]
[Round "-"]
[White "DaviLucasMoraisLima"]
[Black "kadabraxadrez"]
[Result "1-0"]
[WhiteElo "1222"]
[BlackElo "978"]
[TimeControl "900+5"]
[EndTime "7:41:36 PDT"]
[Termination "DaviLucasMoraisLima venceu por desistência"]

1. e4 e5 2. Bc4 Nf6 3. Nc3 Bc5 4.
Nf3 Nc6 5. Ng5 O-O 6. d3 h6 7. Nf3 d6 8. O-O a6 9. h3 b5 10. Bb3 a5 11. a4 b4 12. Nd5 Nxd5 13.
Bxd5 Qd7 14. Nh4 Qe8 15. Ng6 1-0

[Event "Live Chess"]
[Site "Chess.com"]
[Date "2023.09.16"]
[Round "-"]
[White "Theo_Sossai"]
[Black "Dfran2015"]
[Result "1/2-1/2"]
[WhiteElo "420"]
[BlackElo "555"]
[TimeControl "900+5"]
[EndTime "7:46:07 PDT"]
[Termination "Empate por repetição"]

1. e4 e5 2. Bc4 Nf6 3. Bb3 Nc6 4. Qe2 d6 5. Qc4 Be6 6. Qc3 Bxb3 7. Qxb3 Nxe4 8. Ne2 Qf6 9. O-O O-O-O 10. Qh3+ Qe6 11. Qh4 Be7 12. Qh5 g6 13. Qh6 Bg5 14. Qg7 Qf6 15. Qxf6 Bxf6 16. f3 Ng5 17. h4 Ne6 18. g3 Bg7 19. g4 g5 20. hxg5 Nxg5 21. Ng3 Nd4 22. c3 Nc2 23. Nf5 Bf6 24. Na3 Nxa1 25. Nh6 Nh3+ 26.
Kg2 Nf4+ 27. Kf2 Nd3+ 28. Ke2 Nf4+ 29. Kf2 b5 30. Nxf7 Rdf8 31. Nxh8 Bxh8 32. Nxb5 Nc2 33. Nxa7+ Kb7 34. Nb5 Nd3+ 35. Ke2 Nxb2 36. Bxb2 Kb6 37. Na3 Nxa3 38. Bxa3 Kc6 39. d4 exd4 40. cxd4 Re8+ 41. Kf2 Kd5 42. Rd1 Bxd4+ 43. Kg3 Kc4 44. Rc1+ Kd3 45. Rxc7 d5 46. Rxh7 Be5+ 47. f4 Bd4 48. f5 Re3+ 49. Kh4 Bf6+ 50. Kh5 d4 51. g5 Be5 52. g6 Ke4 53. g7 Rxa3 54. g8=Q d3 55. Qg1 d2 56. Qd1 Rd3 57. a3 Bf4 58. a4 Rh3+ 59.
Kg6 Rxh7 60. Kxh7 Kxf5 61. a5 Ke5 62. a6 Kd6 63. a7 Kc7 64. a8=Q Kb6 65. Qd8+ Kc6 66.
Q8xd2 Bxd2 67. Qxd2 Kc5 68. Qc2+ Kd4 69. Qa4+ Kc5 70.
Qe4 Kb5 71. Qe5+ Kc4 72. Qd6 Kb5 73. Qd5+ Kb4 74. Qd4+ Kb5 75. Qb2+ Kc6 76. Qc3+ Kd5 77. Qe3 Kd6 78. Qf3 Kc5 79. Qf4 Kd5 80. Qf5+ Kd4 81.
Qf6+ Kd5 82. Qf7+ Ke4 83. Qe7+ Kd4 84. Qd7+ Ke5 85. Qe7+ Kd4 86. Qd7+ Ke5 87. Qc7+ Kd4 88. Qg7+ Kd5 89. Qf7+ Ke5 90. Qe7+ Kd4 1/2-1/2

[Event "Live Chess"]
[Site "Chess.com"]
[Date "2023.09.16"]
[Round "-"]
[White "Enzoellobo"]
[Black "GigiAlmeidaXadrez"]
[Result "0-1"]
[WhiteElo "172"]
[BlackElo "1074"]
[TimeControl "900+5"]
[EndTime "7:46:21 PDT"]
[Termination "GigiAlmeidaXadrez venceu por xeque-mate"]

1. e4 c5 2. d4 cxd4 3. Bc4 Nc6 4. Qh5 e6 5. Bg5 Qa5+ 6. b4 Qxb4+ 7. Nd2 g6 8. Qg4 Ne5 9. Qf4 Nxc4 10. Nf3 Nxd2 11. Nxd2 Bg7 12. Rb1 Qc3 13. e5 Qxc2 14. Ke2 d3+ 15.
Ke1 Qxa2 16. Kf1 Ne7 17. h4 Nd5 18. Qc4 Qa3 19. Rb3 Qa1+ 20. Rb1 Qxe5 21. Ne4 Nb6 22. Qxd3 d5 23. Ng3 O-O 24. Rh3 Qd6 25. f4 e5 26.
fxe5 Qxe5 27. h5 Bxh3 28. hxg6 fxg6+ 29. Bf4 Qxf4+ 30. Kg1 Qf2+ 31. Kh2 Qxg2# 0-1